NWL (28 & UNDER)
BALZAC RAMS @ MENLO MANIACS
06/29/2027
 
TOP OF THE 1ST
Balzac Rams batting - Pitching for Menlo Maniacs : RHP Bill Peterson
Pitching: RHP Bill Peterson
Batting: RHB Tomás Díaz 0-0: Foul Ball, location: 2F
0-1: Fly out, F5 (Line Drive, 56)
Batting: RHB Brian Parks 0-0: Ball
1-0: Called Strike
1-1: Ball
2-1: Foul Ball, location: 2F
2-2: Foul Ball, location: 2F
2-2: Ball
3-2: Strikes out looking
Batting: LHB Fernando Cruz 0-0: Foul Ball, location: 2F
0-1: Fly out, F7 (Flyball, 7S)
Top of the 1st over - 0 run(s), 0 hit(s), 0 error(s), 0 left on base; Balzac 0 - Menlo 0
BOTTOM OF THE 1ST
Menlo Maniacs batting - Pitching for Balzac Rams : RHP John Wells
Pitching: RHP John Wells
Batting: RHB Gabriel Erwin 0-0: Swinging Strike
0-1: Ground out U3 (Groundball, 34)
Batting: LHB Mike Harris 0-0: Called Strike
0-1: Ball
1-1: Foul Ball, location: 2F
1-2: Strikes out looking
Batting: LHB Keith Green 0-0: Swinging Strike
0-1: Fly out, F8 (Line Drive, 8RM)
Bottom of the 1st over - 0 run(s), 0 hit(s), 0 error(s), 0 left on base; Balzac 0 - Menlo 0
TOP OF THE 2ND
Balzac Rams batting - Pitching for Menlo Maniacs : RHP Bill Peterson
Batting: RHB Jeff Stevenson 0-0: Ball
1-0: Ball
2-0: Fly out, F4 (Popup, 4S)
Batting: RHB Enrique Castillo 0-0: Ball
1-0: Called Strike
1-1: Ball
2-1: Foul Ball, location: 2F
2-2: Ball
3-2: Strikes out swinging
Batting: RHB Félix Quintero 0-0: Ball
1-0: Swinging Strike
1-1: Swinging Strike
1-2: Ball
2-2: Strikes out swinging
Top of the 2nd over - 0 run(s), 0 hit(s), 0 error(s), 0 left on base; Balzac 0 - Menlo 0
BOTTOM OF THE 2ND
Menlo Maniacs batting - Pitching for Balzac Rams : RHP John Wells
Batting: RHB Juan Robles 0-0: Called Strike
0-1: SINGLE (Groundball, 6D)
Batting: RHB Javier Ortíz 0-0: Ball
1-0: Foul Ball, location: 2F
1-1: Foul Ball, location: 2F
1-2: Ball
2-2: Grounds into double play, 6-4-3 (Groundball, 6)
Batting: LHB Bill McCraney 0-0: Ball
1-0: Foul Ball, location: 2F
1-1: Called Strike
1-2: Foul Ball, location: 2F
1-2: Foul Ball, location: 2F
1-2: Foul Ball, location: 2F
1-2: Ball
2-2: Ball
3-2: Foul Ball, location: 2F
3-2: Foul Ball, location: 2F
3-2: Strikes out swinging
Bottom of the 2nd over - 0 run(s), 1 hit(s), 0 error(s), 0 left on base; Balzac 0 - Menlo 0
TOP OF THE 3RD
Balzac Rams batting - Pitching for Menlo Maniacs : RHP Bill Peterson
Batting: RHB Luis Suárez 0-0: Called Strike
0-1: Ball
1-1: Called Strike
1-2: Ball
2-2: Strikes out swinging
Batting: RHB Ricardo Muñóz 0-0: Called Strike
0-1: Swinging Strike
0-2: Strikes out swinging
Batting: RHB Jason Ward 0-0: Foul Ball, location: 2F
0-1: Foul Ball, location: 2F
0-2: Foul Ball, location: 2F
0-2: Ground out 6-3 (Groundball, 6MS)
Top of the 3rd over - 0 run(s), 0 hit(s), 0 error(s), 0 left on base; Balzac 0 - Menlo 0
BOTTOM OF THE 3RD
Menlo Maniacs batting - Pitching for Balzac Rams : RHP John Wells
Batting: RHB Jason Blair 0-0: Fly out, F9 (Flyball, 9LS)
Batting: RHB Héctor Vázquez 0-0: Ball
1-0: Called Strike
1-1: Ball
2-1: Ball
3-1: Ground out 6-3 (Groundball, 6)
Batting: RHB David Strickland 0-0: Foul Ball, location: 2F
0-1: Swinging Strike
0-2: Foul Ball, location: 2F
0-2: Ball
1-2: Ball
2-2: Foul Ball, location: 2F
2-2: Ground out 4-3 (Groundball, 4S)
Bottom of the 3rd over - 0 run(s), 0 hit(s), 0 error(s), 0 left on base; Balzac 0 - Menlo 0
TOP OF THE 4TH
Balzac Rams batting - Pitching for Menlo Maniacs : RHP Bill Peterson
Batting: RHB Tomás Díaz 0-0: Foul Ball, location: 2F
0-1: Ball
1-1: Fly out, F9 (Flyball, 89S)
Batting: RHB Brian Parks 0-0: Ball
1-0: Foul Ball, location: 2F
1-1: Fly out, F7 (Line Drive, 7)
Batting: LHB Fernando Cruz 0-0: Ball
1-0: Called Strike
1-1: Ground out 4-3 (Groundball, 4)
Top of the 4th over - 0 run(s), 0 hit(s), 0 error(s), 0 left on base; Balzac 0 - Menlo 0
BOTTOM OF THE 4TH
Menlo Maniacs batting - Pitching for Balzac Rams : RHP John Wells
Batting: RHB Gabriel Erwin 0-0: Ball
1-0: Called Strike
1-1: Ground out 4-3 (Groundball, 4)
Batting: LHB Mike Harris 0-0: SINGLE (Groundball, 25) (infield hit)
Batting: LHB Keith Green 0-0: Grounds into double play, 5-4-3 (Groundball, 56)
Bottom of the 4th over - 0 run(s), 1 hit(s), 0 error(s), 0 left on base; Balzac 0 - Menlo 0
TOP OF THE 5TH
Balzac Rams batting - Pitching for Menlo Maniacs : RHP Bill Peterson
Batting: RHB Jeff Stevenson 0-0: Called Strike
0-1: Ball
1-1: Ball
2-1: Ball
3-1: Called Strike
3-2: Foul Ball, location: 2F
3-2: Foul Ball, location: 2F
3-2: Strikes out swinging, 2-3 out at first.
Batting: RHB Enrique Castillo 0-0: Called Strike
0-1: Foul Ball, location: 2F
0-2: Strikes out swinging
Batting: RHB Félix Quintero 0-0: Foul Ball, location: 2F
0-1: Foul Ball, location: 2F
0-2: Ball
1-2: Ball
2-2: Foul Ball, location: 2F
2-2: Strikes out swinging
Top of the 5th over - 0 run(s), 0 hit(s), 0 error(s), 0 left on base; Balzac 0 - Menlo 0
BOTTOM OF THE 5TH
Menlo Maniacs batting - Pitching for Balzac Rams : RHP John Wells
Batting: RHB Juan Robles 0-0: Ball
1-0: Called Strike
1-1: Swinging Strike
1-2: Ball
2-2: Foul Ball, location: 2F
2-2: Ball
3-2: Fly out, F7 (Flyball, 7)
Batting: RHB Javier Ortíz 0-0: Ball
1-0: Foul Ball, location: 2F
1-1: Ball
2-1: SINGLE (Groundball, 56D)
Batting: LHB Bill McCraney 0-0: Ball
1-0: Ball
2-0: Called Strike
2-1: Ball
3-1: DOUBLE (Groundball, 3L)
Javier Ortíz to third
Batting: RHB Jason Blair 0-0: Fly out, F9 (Flyball, 9LM)
Runner from 3rd tags up, SCORES, no throw
Batting: RHB Héctor Vázquez 0-0: Ball
1-0: Called Strike
1-1: Foul Ball, location: 2F
1-2: Ball
2-2: Foul Ball, location: 2F
2-2: Ball
3-2: Base on Balls
Batting: RHB David Strickland 0-0: DOUBLE (Line Drive, 9LS)
Bill McCraney scores
Héctor Vázquez to third
Batting: RHB Gabriel Erwin 0-0: Foul Ball, location: 2F
0-1: Ball
1-1: Reached on error, E9 (Flyball, 9S)
Héctor Vázquez scores
David Strickland scores
Batting: LHB Mike Harris 0-0: Swinging Strike
0-1: Ball
1-1: Foul Ball, location: 2F
1-2: Ball
2-2: Foul Ball, location: 2F
2-2: Ball
3-2: Foul Ball, location: 2F
3-2: Base on Balls
Batting: LHB Keith Green 0-0: Foul Ball, location: 2F
0-1: Foul Ball, location: 2F
0-2: Ball
1-2: Ball
2-2: Fly out, F7 (Flyball, 7LD)
Bottom of the 5th over - 4 run(s), 3 hit(s), 1 error(s), 2 left on base; Balzac 0 - Menlo 4
TOP OF THE 6TH
Balzac Rams batting - Pitching for Menlo Maniacs : RHP Bill Peterson
Batting: RHB Luis Suárez 0-0: Called Strike
0-1: Ball
1-1: Called Strike
1-2: Foul Ball, location: 2F
1-2: Ball
2-2: Strikes out swinging
Batting: RHB Ricardo Muñóz 0-0: Ball
1-0: Called Strike
1-1: Ground out 6-3 (Groundball, 6M)
Batting: RHB Jason Ward 0-0: Ground out U3 (Groundball, 3S)
Top of the 6th over - 0 run(s), 0 hit(s), 0 error(s), 0 left on base; Balzac 0 - Menlo 4
BOTTOM OF THE 6TH
Menlo Maniacs batting - Pitching for Balzac Rams : RHP John Wells
Batting: RHB Juan Robles 0-0: Called Strike
0-1: Ball
1-1: Ball
2-1: Called Strike
2-2: Strikes out swinging
Batting: RHB Javier Ortíz 0-0: Ground out 5-3 (Groundball, 56)
Batting: LHB Bill McCraney 0-0: Ball
1-0: Called Strike
1-1: Called Strike
1-2: Ball
2-2: Strikes out swinging
Bottom of the 6th over - 0 run(s), 0 hit(s), 0 error(s), 0 left on base; Balzac 0 - Menlo 4
TOP OF THE 7TH
Balzac Rams batting - Pitching for Menlo Maniacs : RHP Bill Peterson
Batting: RHB Tomás Díaz 0-0: Called Strike
0-1: Foul Ball, location: 2F
0-2: Foul Ball, location: 2F
0-2: Strikes out swinging
Batting: RHB Brian Parks 0-0: Ball
1-0: Ball
2-0: Ground out 1-3 (Groundball, 13S)
Batting: LHB Fernando Cruz 0-0: Ball
1-0: Called Strike
1-1: Foul Ball, location: 2F
1-2: Ball
2-2: Strikes out looking
Top of the 7th over - 0 run(s), 0 hit(s), 0 error(s), 0 left on base; Balzac 0 - Menlo 4
BOTTOM OF THE 7TH
Menlo Maniacs batting - Pitching for Balzac Rams : RHP John Wells
Pitching: RHP John Harris
Batting: RHB Jason Blair 0-0: Ball
1-0: Swinging Strike
1-1: Ball
2-1: Ball
3-1: Foul Ball, location: 2F
3-2: Base on Balls
Batting: RHB Héctor Vázquez 0-0: Ball
1-0: Bunted foul
1-1: Sac Bunt - play at first, batter OUT! 1-4
Jason Blair to second
Batting: RHB David Strickland 0-0: Called Strike
0-1: Foul Ball, location: 2F
0-2: Ball
1-2: Strikes out swinging
Batting: RHB Gabriel Erwin 0-0: Ball
1-0: Foul Ball, location: 2F
1-1: Ball
2-1: Foul Ball, location: 2F
2-2: Ground out 6-3 (Groundball, 6)
Bottom of the 7th over - 0 run(s), 0 hit(s), 0 error(s), 1 left on base; Balzac 0 - Menlo 4
TOP OF THE 8TH
Balzac Rams batting - Pitching for Menlo Maniacs : RHP Bill Peterson
Batting: RHB Jeff Stevenson 0-0: Called Strike
0-1: Ball
1-1: Ball
2-1: Called Strike
2-2: Foul Ball, location: 2F
2-2: Strikes out looking
Batting: RHB Enrique Castillo 0-0: Ball
1-0: Called Strike
1-1: Ball
2-1: Fly out, F4 (Popup, 4)
Batting: RHB Félix Quintero 0-0: Called Strike
0-1: Ball
1-1: Foul Ball, location: 2F
1-2: Ball
2-2: Foul Ball, location: 2F
2-2: SINGLE (Groundball, 56D)
Pitching: RHP Domingo Franco
Batting: RHB Luis Suárez 0-0: Foul Ball, location: 2F
0-1: Ball
1-1: Ball
2-1: Called Strike
2-2: Fly out, F8 (Flyball, 8LM)
Top of the 8th over - 0 run(s), 1 hit(s), 0 error(s), 1 left on base; Balzac 0 - Menlo 4
BOTTOM OF THE 8TH
Menlo Maniacs batting - Pitching for Balzac Rams : RHP John Harris
Batting: LHB Mike Harris 0-0: Ball
1-0: Ball
2-0: Ball
3-0: Called Strike
3-1: Base on Balls
Batting: LHB Keith Green 0-0: Called Strike
0-1: Ball
1-1: Ground out 4-3 (Groundball, 34)
Mike Harris to second
Batting: RHB Juan Robles 0-0: Ball
1-0: Ball
2-0: Ball
3-0: Called Strike
3-1: SINGLE (Line Drive, 78S)
Mike Harris to third
Batting: RHB Javier Ortíz 0-0: Ball
1-0: Ball
2-0: Ball
3-0: Called Strike
3-1: Foul Ball, location: 2F
3-2: Foul Ball, location: 2F
3-2: Base on Balls
Juan Robles to second
Pitching: LHP Martin Balsano
Batting: LHB Bill McCraney 0-0: Ball
1-0: Swinging Strike
1-1: Fly out, F3 (Popup, 3S)
Pitching: RHP Reid Mapstone
Batting: RHB Jason Blair 0-0: Called Strike
0-1: Ball
1-1: Ball
2-1: Called Strike
2-2: Foul Ball, location: 2F
2-2: Foul Ball, location: 2F
2-2: SINGLE (Line Drive, 9S)
Mike Harris scores
Juan Robles to third
Javier Ortíz to second
Batting: RHB Héctor Vázquez 0-0: Ball
1-0: Foul Ball, location: 2F
1-1: Ball
2-1: Fielders Choice at 2nd, 5-4 (Groundball, 5L)
Bottom of the 8th over - 1 run(s), 2 hit(s), 0 error(s), 2 left on base; Balzac 0 - Menlo 5
TOP OF THE 9TH
Balzac Rams batting - Pitching for Menlo Maniacs : RHP Domingo Franco
Now at 2B: Miguel González
Now in RF: José Martínez
Batting: RHB Ricardo Muñóz 0-0: Ball
1-0: Foul Ball, location: 2F
1-1: Ground out 4-3 (Groundball, 4S)
Batting: RHB Jason Ward 0-0: Ball
1-0: Ball
2-0: Foul Ball, location: 2F
2-1: Ground out 4-3 (Groundball, 4M)
Batting: RHB Tomás Díaz 0-0: Ball
1-0: Ball
2-0: Ball
3-0: Base on Balls
Batting: RHB Brian Parks 0-0: DOUBLE (Line Drive, 8RD)
Tomás Díaz to third
Runner from 3rd tries for Home, SAFE, no throw
Batting: LHB Fernando Cruz 0-0: Ball
1-0: Ball
2-0: Foul Ball, location: 2F
2-1: Ball
3-1: Base on Balls
Pitching: RHP Steve Poe
Batting: RHB Jeff Stevenson 0-0: SINGLE (Line Drive, 6M)
Brian Parks to third
Fernando Cruz to second
Runner from 3rd tries for Home, SAFE, no throw
Pinch Hitting: RHB Tommy Wilson 0-0: Ground out 5-3 (Groundball, 56S)
Top of the 9th over - 2 run(s), 2 hit(s), 0 error(s), 2 left on base; Balzac 2 - Menlo 5
Thursday, March 30th, 2017 - OOTP Baseball 17.12 Build 75